 Dungeon Crawl Stone Soup version 0.26-a0-665-gefeb406119 (webtiles) character file.

Game seed: 11079388629704088619

(classic levelgen) 1860991 EnegeticOcto the Rapturous (level 27, 123/123 HPs)
             Began as a Vine Stalker Wanderer on Oct 14, 2020.
             Was a Follower of Uskayaw.
             Escaped with the Orb
             ... and 3 runes!
             The game lasted 01:30:11 (56036 turns).

EnegeticOcto the Rapturous (Vine Stalker Wanderer) Turns: 56036, Time: 01:30:12

Health: 123/123    AC: 35    Str: 22    XL:     27
Magic:  47/47      EV: 14    Int: 10    God:    Uskayaw [*.....]
Gold:   3122       SH: 19    Dex: 22    Spells: 27/28 levels left

rFire    + + .     SeeInvis .   a - +9 quick blade (vamp)
rCold    + . .     Faith    +   M - +4 kite shield of Ohateth {rN+}
rNeg     + . .     Spirit   +   g - +0 gold dragon scales
rPois    +         Reflect  .   L - +2 helmet
rElec    +         Harm     .   n - +2 cloak
rCorr    .         Rampage  .   B - +2 pair of gloves
MR       +++..     Rnd*Tele +   D - +2 pair of boots
Stlth    ..........             U - amulet of faith
HPRegen  1.10/turn              e - ring of protection from cold
MPRegen  0.30/turn              R - ring "Geaneeh" {Fire rElec MP+9}

@: no status effects
A: fangs 3, blurry vision 1, frail 2, regeneration 2, teleportitis 1, magic
shield, antimagic bite, no potion heal 3, rot immunity
0: Orb of Zot
}: 3/15 runes: decaying, silver, gossamer
a: Stomp, Renounce Religion


You escaped.
You worshipped Uskayaw.
Uskayaw was greatly pleased with you.
You visited 9 branches of the dungeon, and saw 49 of its levels.
You visited 1 bazaar.
You also visited: Ice Cave.

You collected 6863 gold pieces.
You spent 3741 gold pieces at shops.

Inventory:

Hand Weapons
 a - a +9 vampiric quick blade (weapon)
 b - the +12 dagger "Senuyjono" {elec, rF++ Dex-2}
   (You took it off a deep elf knight on level 3 of the Elven Halls)

   Occasionally, upon striking a foe, it will discharge some electrical energy
   and cause terrible harm.
   It affects your dexterity (-2).
   It greatly protects you from fire.
Missiles
 p - 8 boomerangs of dispersal (quivered)
 P - 24 curare-tipped darts
Armour
 g - +0 gold dragon scales (worn)
 n - a +2 cloak (worn)
 B - a +2 pair of gloves (worn)
 D - a +2 pair of boots (worn)
 L - a +2 helmet (worn)
 M - the +4 kite shield of Ohateth (worn) {rN+}
   (You took it off Donald on level 3 of the Swamp)

   It protects you from negative energy.
Jewellery
 e - a ring of protection from cold (left hand)
 E - the ring of Xeipn {Ice rN+ MR+}
   (You found it on level 5 of the Vaults)

   [ring of ice]

   It enhances your ice magic.
   It makes you vulnerable to fire.
   It protects you from cold.
   It protects you from negative energy.
   It affects your resistance to hostile enchantments.
 J - an uncursed ring of flight {unknown}
 Q - an uncursed ring of resist corrosion
 R - the ring "Geaneeh" (right hand) {Fire rElec MP+9}
   (You found it in an ice cave)

   [ring of fire]

   It enhances your fire magic.
   It protects you from fire.
   It makes you vulnerable to cold.
   It insulates you from electricity.
   It affects your magic capacity (+9).
 S - an uncursed ring of protection from magic
 U - an amulet of faith (around neck)
Wands
 j - a wand of enslavement (55)
 o - a wand of polymorph (22)
 r - a wand of digging (1) {@v3}
 z - a wand of iceblast (41) {@v2}
 K - a wand of paralysis (30)
 V - a wand of acid (17) {@v1}
 Z - a wand of disintegration (16)
Scrolls
 d - 4 scrolls of fear {!r}
 f - 12 scrolls of teleportation {@r3 !r}
 l - 2 scrolls of holy word
 y - 3 scrolls of immolation
 A - 3 scrolls of fog {!r}
 C - 5 scrolls of magic mapping {@r5 !r}
 G - 18 scrolls of identify {@r1}
Potions
 h - 21 potions of curing {@q1 !q}
 k - 5 potions of invisibility
 m - 6 potions of mutation
 t - 2 potions of might {@q3 !q}
 u - 9 potions of ambrosia
 v - 2 potions of lignification {@q6}
 w - 6 potions of haste {@q4 !q}
 x - 7 potions of flight
 F - 5 potions of cancellation
 H - a potion of magic
 N - a potion of berserk rage
 O - 10 potions of stabbing {@q5 !q}
 Y - 2 potions of resistance
Miscellaneous
 c - a tin of tremorstones (3/3)
 i - a phantom mirror
 q - a lightning rod (4/4)
 s - a condenser vane (2/2)
 I - a phial of floods
 W - a box of beasts (inert)


   Skills:
 + Level 19.0 Fighting
 - Level 12.0 Short Blades
   Level 10.6 Polearms
 + Level 15.8 Armour
 + Level 15.8 Dodging
 - Level 15.4 Stealth
 - Level 15.0 Shields
 - Level 1.2 Spellcasting
 - Level 2.0 Conjurations
 - Level 4.0 Fire Magic
 + Level 20.0 Invocations
 - Level 12.0 Evocations


You had 27 spell levels left.
You knew the following spells:

 Your Spells              Type           Power        Failure   Level
B - Foxfire               Conj/Fire      #...         98%         1

Your spell library contained the following spells:

 Spells                   Type           Power        Failure   Level
 Magic Dart               Conj           #...         99%         1
 Animate Skeleton         Necr           #.....       100%        1
 Apportation              Tloc           #.....       100%        1
 Corona                   Hex            #......      100%        1
 Freeze                   Ice            #...         100%        1
 Pain                     Necr           #...         100%        1
 Shock                    Conj/Air       #...         100%        1
 Sting                    Tmut/Pois      #...         100%        1
 Summon Small Mammal      Summ           #...         100%        1
 Blink                    Tloc           N/A          100%        2
 Call Imp                 Summ           #.......     100%        2
 Ensorcelled Hibernation  Hex/Ice        #.....       100%        2
 Poisonous Vapours        Pois/Air       #.....       100%        2
 Searing Ray              Conj           #.....       100%        2
 Slow                     Hex            #.......     100%        2
 Swiftness                Air            #.......     100%        2
 Wereblood                Tmut           #.......     100%        2
 Confusing Touch          Hex            #.......     100%        3
 Conjure Flame            Conj/Fire      #.......     100%        3
 Dazzling Flash           Conj/Hex       #.....       100%        3
 Frozen Ramparts          Ice            #.....       100%        3
 Gell's Gravitas          Tloc           #.........   100%        3
 Ignite Poison            Fire/Tmut/Pois #.......     100%        3
 Inner Flame              Hex/Fire       #.......     100%        3
 Lesser Beckoning         Tloc           #.........   100%        3
 Mephitic Cloud           Conj/Pois/Air  #.......     100%        3
 Ozocubu's Armour         Ice            #.......     100%        3
 Portal Projectile        Hex/Tloc       #.....       100%        3
 Static Discharge         Conj/Air       #.......     100%        3
 Tukima's Dance           Hex            #.......     100%        3
 Vampiric Draining        Necr           #.........   100%        3
 Airstrike                Air            #.........   100%        4
 Animate Dead             Necr           #.........   100%        4
 Cause Fear               Hex            #.........   100%        4
 Fulminant Prism          Conj/Hex       #.........   100%        4
 Hailstorm                Conj/Ice       #.......     100%        4
 Iskenderun's Mystic Bla  Conj/Tloc      #.......     100%        4
 Leda's Liquefaction      Hex/Erth       #.........   100%        4
 Olgreb's Toxic Radiance  Pois           #.......     100%        4
 Petrify                  Tmut/Erth      #.......     100%        4
 Sticky Flame             Conj/Fire      #.......     100%        4
 Summon Ice Beast         Ice/Summ       #.......     100%        4
 Summon Lightning Spire   Summ/Air       #.......     100%        4
 Agony                    Necr           #.......     100%        5
 Alistair's Intoxication  Tmut/Pois      #........    100%        5
 Bolt of Magma            Conj/Fire/Erth #.........   100%        5
 Fireball                 Conj/Fire      #.........   100%        5
 Irradiate                Conj/Tmut      #.........   100%        5
 Iskenderun's Battlesphe  Conj           #.......     100%        5
 Lightning Bolt           Conj/Air       #.........   100%        5
 Metabolic Englaciation   Hex/Ice        #.........   100%        5
 Silence                  Hex/Air        #.........   100%        5
 Summon Demon             Summ           #.........   100%        5
 Summon Forest            Summ/Tloc      #.........   100%        5
 Summon Mana Viper        Hex/Summ       #.......     100%        5
 Yara's Violent Unravell  Hex/Tmut       #.........   100%        5
 Conjure Ball Lightning   Conj/Air       #.........   100%        6
 Eringya's Noxious Bog    Tmut/Pois      #.........   100%        6
 Freezing Cloud           Conj/Ice/Air   #.........   100%        6
 Hydra Form               Tmut           #.........   100%        6
 Invisibility             Hex            #.......     100%        6
 Iron Shot                Conj/Erth      #.........   100%        6
 Shadow Creatures         Summ           N/A          100%        6
 Starburst                Conj/Fire      #.........   100%        6
 Statue Form              Tmut/Erth      #........    100%        6
 Dragon Form              Tmut           #.........   100%        7
 Malign Gateway           Summ/Tloc      #.........   100%        7
 Orb of Destruction       Conj           #.........   100%        7
 Spellforged Servitor     Conj/Summ      #.........   100%        7
 Summon Hydra             Summ           #.........   100%        7
 Chain Lightning          Conj/Air       #.........   100%        8
 Discord                  Hex            #.........   100%        8
 Ignition                 Fire           ##........   100%        8
 Lehudib's Crystal Spear  Conj/Erth      #.........   100%        8
 Absolute Zero            Ice            #.........   100%        9
 Fire Storm               Conj/Fire      #.........   100%        9
 Shatter                  Erth           #.........   100%        9
 Tornado                  Air            #.........   100%        9


Dungeon Overview and Level Annotations

Branches:
Dungeon (15/15)            Temple (0/1) D:4            Lair (6/6) D:8
  Swamp (4/4) Lair:2       Spider (4/4) Lair:3        Slime (0/5) Lair:6
    Orc (2/2) D:11            Elf (3/3) Orc:2        Vaults (5/5) D:13
  Crypt (0/3) Vaults:2     Depths (5/5) D:15            Zot (5/5) Depths:5
  IceCv (visited)

Altars:
Elyvilon
Fedhas
Gozag
Hepliaklqana
Kikubaaqudgha
Makhleb
Ru
Sif Muna
Uskayaw
Yredelemnul
The Shining One
Beogh
Jiyva

Shops:
D:4 !   Orc:2 ?**!   Elf:1 !   Vaults:4 *   Depths:2 (

Portals:
Hell: Depths:1 Depths:2 Depths:3 Depths:5
Abyss: Depths:1 Depths:5
Pandemonium: Depths:3
Ziggurat: Depths:5

Annotations:
D:1 exclusion: downstairs
D:2 Sigmund
D:3 Grinder
D:7 exclusion: 2 downstairs
Lair:5 exclusion: 4 oklob plants
Swamp:3 Roxanne
Spider:1 1 runed translucent door, Aduaf's ghost, adept KoFE
Zot:1 exclusions: draconian stormcaller and 3 more exclusions


Innate Abilities, Weirdness & Mutations

You have razor-sharp teeth.
You heal very quickly.
When hurt, damage is shared between your health and your magic reserves.
Your bite disrupts and absorbs the magic of your enemies.
Potions cannot restore your health.
You are immune to rotting.
Scrolls take you a little longer to read.
You are very frail. (-20% HP)
You are occasionally teleported next to monsters.


Message History

...and a mature stingfire beast leaps out!
The Hell Sentinel gestures at you.
The sphere of damnation explodes!
The damnation engulfs you!!
The damnation engulfs your mature stingfire beast!!!
The damnation engulfs the Hell Sentinel.
The Hell Sentinel completely resists.
Evoke which item? (* to show all) (? for menu, Esc to quit)
You open the lid... ...and a mature weirdfire beast leaps out!
The box is emptied!
The Hell Sentinel completely misses you.
You block the Hell Sentinel's attack.
You can no longer pass through a line of other dancers.
You feel sick.
The Hell Sentinel hits your mature stingfire beast!
The Hell Sentinel hits your mature stingfire beast.
Your mature stingfire beast hits the Hell Sentinel!!
Your mature stingfire beast stings the Hell Sentinel.
The Hell Sentinel hits your mature stingfire beast! x2
Your mature stingfire beast dies!
Your mature stingfire beast's corpse disappears in a puff of smoke!
The Hell Sentinel barely misses your mature weirdfire beast.
The Hell Sentinel hits your mature weirdfire beast!
Your mature weirdfire beast completely misses the Hell Sentinel.
The Hell Sentinel hits your mature weirdfire beast!!
The Hell Sentinel hits your mature weirdfire beast.
Your mature weirdfire beast hits the Hell Sentinel.
You feel sick.
You are no longer poisoned.
Your extra speed is starting to run out.
(D) Dungeon (T) Temple (L) Lair (S) Swamp (N) Spider Nest (M) Slime Pits (O) Orcish Mines (E) Elven Halls (V) Vaults (C) Crypt (U) Depths (H) Hell (Z) Zot
Where to? (Enter - D:1 @ (x,y), ? - help)
You feel yourself slow down.
Magic restored.
A blizzard demon comes into view.
The blizzard demon hits you. You block the blizzard demon's attack.
You hit the blizzard demon but do no damage.
You block the blizzard demon's attack. x2
You hit the blizzard demon. You bite the blizzard demon!!
The blizzard demon's magic leaks into the air.
You drain its magic.
You feel invigorated.
The blizzard demon is heavily wounded.
You hit the blizzard demon but do no damage.
You bite the blizzard demon!
The blizzard demon's magic leaks into the air.
You drain its magic.
The blizzard demon is severely wounded.
You can now pass through a line of other dancers.
You closely miss the blizzard demon. You bite the blizzard demon!
The blizzard demon's magic leaks into the air.
You drain its magic.
The blizzard demon is almost dead.
The blizzard demon barely misses you. The blizzard demon closely misses you.
You barely miss the blizzard demon. Your bite misses the blizzard demon.
The blizzard demon is almost dead.
You closely miss the blizzard demon. Your bite misses the blizzard demon.
The blizzard demon is almost dead.
You hit the blizzard demon. Your bite misses the blizzard demon.
The blizzard demon is almost dead.
You block the blizzard demon's attack. x2
You puncture the blizzard demon! Your bite misses the blizzard demon.
The blizzard demon is almost dead.
Uskayaw will force your foes to helplessly watch your dance.
Uskayaw prepares the audience for your solo!
The helpless blizzard demon fails to defend itself.
You perforate the blizzard demon like a sieve!!!!
You kill the blizzard demon!
(D) Dungeon (T) Temple (L) Lair (S) Swamp (N) Spider Nest (M) Slime Pits (O) Orcish Mines (E) Elven Halls (V) Vaults (C) Crypt (U) Depths (H) Hell (Z) Zot
Where to? (Enter - D:1 @ (x,y), ? - help)
Your mature shockweird beast disappears in a puff of smoke!
You can no longer pass through a line of other dancers.
You see here a +1 spear.
You see here a +0 spear.
There is a stone staircase leading up here.
You climb upwards.
There is a stone staircase leading down here.
There is a stone staircase leading up here.
You climb upwards.
Level annotation: Grinder
There is a stone staircase leading down here.
You enter the shallow water.
Moving in this stuff is going to be slow.
There is an open door here.
There is a stone staircase leading up here.
You climb upwards.
Level annotation: Sigmund
There is a stone staircase leading down here.
There is a stone staircase leading up here.
You climb upwards.
Level annotation: exclusion: downstairs
There is a stone staircase leading down here.
There is a staircase leading out of the dungeon here.
You see here a +0 dagger.
You have escaped!

##.# #.# ###.......##... ...# #.#
##...#......##.. ...# #.#
##..####...#....# #### #.# #..##
##....#### ######.### ##.##
##...## # .........#### #..#
#...### # #.........>.# #.##
##.....## # #.####....#.####.###
##...#...#
#.#...#.......##@..###...##.#.#
#)#.##....#....###......###...#
#.#.##.........####..#### ##.####
#.#.##>####.#.#.############.#..#
#.#.##.###....#.#...##.......##.#
..#.....).....#......#......###..
######.###...##.........###.###.#
#.# ##.....................# #.#
#..##........###.##.###


There were no monsters in sight!

Vanquished Creatures
  5 orbs of fire (Zot:5)
  5 ancient liches
  2 juggernauts (Depths:2)
  8 Killer Klowns (Zot:5)
  6 caustic shrikes (Depths:5)
  5 golden dragons
  Nikola (Swamp:1)
  A lich (Vaults:4)
  2 electric golems (Zot:5)
  Jorgrun (D:13)
  9 tentacled monstrosities
  2 titans (Vaults:5)
  3 quicksilver dragons
  4 deep elf blademasters
  27 Orb Guardians
  4 sphinxes
  Frances (Swamp:2)
  4 death cobs
  Kirke (Swamp:2)
  A thorn hunter (Swamp:4)
  4 storm dragons
  9 shadow dragons
  3 tengu reavers (Vaults:5)
  Donald (Swamp:3)
  3 draconian monks
  10 fire giants
  10 deep elf sorcerers
  4 draconian knights
  8 frost giants
  Louise (Swamp:3)
  4 iron dragons
  8 draconian scorchers
  3 draconian shifters
  8 ghost moths
  A balrug (Depths:5)
  16 vault wardens
  An orc warlord (Orc:2)
  6 draconian stormcallers
  A large abomination (Vaults:5)
  A draconian annihilator (Zot:3)
  6 deep elf elementalists
  4 emperor scorpions
  17 very ugly things
  2 spriggan defenders (Depths:5)
  9 ironheart preservers
  A war gargoyle (Vaults:5)
  A vampire knight (Depths:3)
  23 stone giants
  7 green draconians
  3 entropy weavers
  4 white draconians
  8 deep elf demonologists
  A lorocyproca (Depths:3)
  6 deep elf annihilators
  5 spark wasps
  6 yellow draconians
  5 black draconians
  8 red draconians
  2 purple draconians
  4 deep elf death magi (Elf:3)
  A crystal guardian (Vaults:3)
  5 fire dragons
  A blizzard demon (D:5)
  6 ettins
  A green death (D:5)
  3 jiangshi (Depths:2)
  5 deep elf high priests
  A merfolk impaler (Depths:2)
  15 yaktaur captains
  8 great orbs of eyes
  18 hydras
  3 rakshasas (Depths:2)
  Harold (D:9)
  Erolcha (Orc:1)
  30 vault guards
  10 ice dragons
  13 boulder beetles
  Erica (D:9)
  3 catoblepae (Lair:6)
  12 centaur warriors
  3 spriggan air magi
  47 two-headed ogres
  13 alligators
  3 death knights
  A queen ant (Spider:2)
  35 dancing weapons
  13 ogre magi
  6 shambling mangroves
  14 death yaks
  11 deep troll shamans
  2 vampire magi (Depths:2)
  2 tengu warriors
  2 deep troll earth magi
  4 orc high priests (Orc:2)
  A soul eater (Depths:4)
  3 spriggan berserkers
  17 deep elf knights
  2 sun demons (Depths:5)
  2 small abominations (Vaults:5)
  12 hell knights
  11 spriggans
  4 shadow wraiths
  A sea snake (shapeshifter) (Vaults:3)
  A deep troll (shapeshifter) (Vaults:5)
  4 iron trolls
  3 skeletal warriors (Vaults:2)
  A glowing orange brain (Zot:5)
  31 deep trolls
  5 unseen horrors
  9 swamp dragons
  6 wizards
  3 spriggan druids
  2 swamp dragons (shapeshifter) (Vaults:5)
  2 lindwurms (D:15)
  4 phantasmal warriors
  3 flayed ghosts
  17 deep elf archers
  A golden dragon skeleton (Depths:2)
  14 ironbrand convokers
  6 necromancers
  19 orb spiders
  8 harpies
  A harpy (shapeshifter) (Depths:1)
  3 orc sorcerers
  12 orc knights
  23 wolf spiders
  A wolf spider zombie (D:14)
  61 deep elf magi
  6 manticores
  A cyclops (shapeshifter) (Depths:1)
  36 ugly things
  A salamander (shapeshifter) (D:14)
  3 salamanders (Depths:3)
  A human skeleton (Vaults:1)
  10 moths of wrath
  A stone giant zombie (Vaults:4)
  3 cyclopes
  11 elephants
  2 black mambas
  10 vault sentinels
  An orange demon (Depths:3)
  An ice statue (IceCv)
  A gargoyle (D:15)
  A smoke demon (Depths:3)
  A cane toad (shapeshifter) (Vaults:1)
  13 cane toads
  2 torpor snails (Spider:3)
  A yaktaur skeleton (Vaults:1)
  A storm dragon simulacrum (Vaults:3)
  8 komodo dragons
  2 rime drakes
  2 freezing wraiths
  3 yaktaurs (shapeshifter)
  A spriggan zombie (Depths:2)
  58 yaktaurs
  19 demonic crawlers
  3 ice devils
  21 jumping spiders
  8 tengu conjurers
  12 trolls
  2 polar bears
  3 meliai (Spider:3)
  A meliai (shapeshifter) (Depths:3)
  A queen bee (D:10)
  A blink frog (shapeshifter) (Vaults:1)
  8 bog bodies
  30 hornets
  10 tyrant leeches
  6 dream sheep (Lair:5)
  19 blink frogs
  A meliai zombie (D:9)
  23 slime creatures
  An ice dragon skeleton (Vaults:1)
  A centaur simulacrum (D:15)
  A spriggan (shapeshifter) (Depths:5)
  2 spriggan skeletons (Depths:2)
  3 shadows
  40 tarantellas
  2 vampires
  45 redbacks
  4 wyverns
  7 basilisks
  An ettin skeleton (Depths:2)
  5 water elementals
  2 basilisks (shapeshifter)
  6 fire bats
  70 yaks
  2 wraiths
  A hog (shapeshifter) (Vaults:3)
  3 humans (D:13)
  A chaos spawn (Depths:3)
  5 fire elementals
  7 insubstantial wisps
  13 vampire mosquitoes
  A yaktaur simulacrum (Vaults:1)
  5 wargs
  3 soldier ants (Spider:2)
  Edmund (D:4)
  12 swamp worms
  A soldier ant (shapeshifter) (D:14)
  3 acid dragons
  13 water moccasins
  43 orc warriors
  15 swamp drakes
  15 ice beasts
  3 necrophages
  An eye of draining (D:9)
  3 sky beasts
  6 black bears
  A hornet zombie (D:14)
  3 phantoms
  An eye of draining (shapeshifter) (Elf:1)
  24 wolves
  3 boggarts (Depths:3)
  25 ogres
  12 centaurs
  22 bullfrogs
  2 earth elementals
  An ogre simulacrum (Vaults:1)
  11 scorpions
  30 killer bees
  2 vampire bats (D:15)
  11 wights
  4 electric eels
  15 howler monkeys
  A crimson imp (Depths:3)
  2 quasits
  A centaur zombie (D:11)
  2 human simulacra
  6 hounds
  6 jellies
  38 orc wizards
  5 centaur skeletons
  45 orc priests
  Crazy Yiuf (D:4)
  A bullfrog zombie (D:11)
  An iron imp (Depths:3)
  4 hell rats (Lair:5)
  An iguana (D:10)
  16 worker ants
  2 worker ant zombies
  21 gnolls
  A howler monkey skeleton (D:8)
  16 adders
  6 river rats (Lair:5)
  A shadow imp (Depths:3)
  4 white imps
  5 ufetubi
  7 oozes
  An adder skeleton (D:4)
  11 worms
  A dart slug (D:1)
  7 leopard geckos
  117 orcs
  15 giant cockroaches
  7 goblins
  7 hobgoblins
  8 jackals
  3 quokkas
  4 ball pythons
  23 bats
  3 frilled lizards
  A giant cockroach zombie (D:5)
  5 kobolds
  15 rats
  8 crawling corpses (Vaults:5)
2195 creatures vanquished.

Vanquished Creatures (collateral kills)
  An Orb Guardian (Depths:5)
  A deep elf blademaster (Elf:3)
  A draconian scorcher (Zot:1)
  A deep elf sorcerer (Elf:3)
  A large abomination (Depths:5)
  A killer bee (D:10)
6 creatures vanquished.

Vanquished Creatures (others)
  Asterion (Spider:4)
  A vault warden (Vaults:5)
  A draconian stormcaller (Depths:5)
  A war gargoyle (Vaults:5)
  A spriggan air mage (Depths:2)
  An ironbrand convoker (Vaults:5)
  A deep elf mage (Elf:3)
  A rime drake (IceCv)
  2 jumping spiders (Spider:4)
  A hornet (Swamp:3)
  A redback (Spider:4)
  A human (Swamp:2)
  A hog (Swamp:2)
  A swamp worm (Swamp:1)
  An ogre (Vaults:1)
  A killer bee (D:10)
  A crimson imp (Depths:5)
  An orc wizard (Orc:1)
  An orc (Vaults:3)
  189 foxfires
  40 fungi
  37 plants
  2 withered plants (Spider:1)
288 creatures vanquished.

Grand Total: 2489 creatures vanquished

Notes
Turn   | Place    | Note
-------+----------+-------------------------------------------
     0 | D:1      | EnegeticOcto the Vine Stalker Wanderer began the quest for
                  | the Orb.
     0 | D:1      | EnegeticOcto set off with the following items: a +0 spear,
                  | a +0 robe, a +0 dagger; and the following spells available
                  | to memorise: Foxfire, Corona, Conjure Flame, Inner Flame,
                  | Tukima's Dance, Sticky Flame, Fireball
     0 | D:1      | Reached XP level 1. HP: 11/11 MP: 3/3
     3 | D:1      | Learned a level 1 spell: Foxfire
    88 | D:1      | Reached skill level 2 in Fighting
   245 | D:1      | Reached XP level 2. HP: 15/15 MP: 1/4
   432 | D:1      | Reached skill level 1 in Conjurations
   977 | D:2      | Found an opulent altar of Gozag.
  1062 | D:2      | Reached XP level 3. HP: 19/19 MP: 3/5
  1225 | D:1      | Reached skill level 2 in Conjurations
  1502 | D:2      | Reached skill level 3 in Fighting
  1502 | D:2      | Gained mutation: Your natural rate of healing is unusually
                  | fast. [Vine Stalker growth]
  1502 | D:2      | Reached XP level 4. HP: 24/24 MP: 1/6
  1615 | D:2      | Noticed Sigmund
  1833 | D:2      | Found a hide-covered altar of Uskayaw.
  1840 | D:2      | Became a worshipper of Uskayaw the Reveler
  2035 | D:2      | Reached * piety under Uskayaw
  2056 | D:2      | Reached ** piety under Uskayaw
  2323 | D:3      | Reached XP level 5. HP: 29/29 MP: 1/7
  2389 | D:3      | Reached skill level 4 in Fighting
  2389 | D:3      | Reached skill level 1 in Invocations
  2526 | D:3      | Noticed Grinder
  2647 | D:3      | Reached *** piety under Uskayaw
  3298 | D:3      | Reached skill level 2 in Invocations
  3870 | D:4      | Reached XP level 6. HP: 27/34 MP: 4/8
  3904 | D:4      | Found a staircase to the Ecumenical Temple.
  4052 | D:4      | Reached skill level 3 in Invocations
  4365 | D:4      | Got a shimmering leather armour
  4388 | D:4      | Reached skill level 5 in Fighting
  4388 | D:4      | Reached XP level 7. HP: 34/39 MP: 6/10
  4399 | D:4      | Reached skill level 4 in Invocations
  4569 | D:4      | Noticed Edmund
  4598 | D:4      | Killed Edmund
  4598 | D:4      | Reached skill level 5 in Invocations
  4662 | D:4      | Found a runed translucent door.
  4663 | D:4      | Noticed Crazy Yiuf
  4697 | D:4      | Found Onomnum's Distillery.
  4701 | D:4      | Bought a potion of might for 40 gold pieces
  4701 | D:4      | Bought a potion of lignification for 30 gold pieces
  4701 | D:4      | Bought a potion of haste for 100 gold pieces
  4701 | D:4      | Bought a potion of degeneration for 10 gold pieces
  4702 | D:4      | Identified the +2 leather armour of the Swamp {rF- rC+
                  | Str+5} (You found it on level 4 of the Dungeon)
  4850 | D:4      | Found a sacrificial altar of Ru.
  5011 | D:5      | Entered Level 5 of the Dungeon
  5030 | D:5      | Found a white marble altar of Elyvilon.
  5663 | D:5      | Gained mutation: You have razor-sharp teeth. [Vine Stalker
                  | growth]
  5663 | D:5      | Reached XP level 8. HP: 44/44 MP: 13/13
  6158 | D:5      | Reached skill level 1 in Polearms
  6158 | D:5      | Reached skill level 6 in Invocations
  6265 | D:6      | Reached skill level 2 in Polearms
  6304 | D:6      | Reached skill level 6 in Fighting
  6333 | D:6      | Found a glowing golden altar of the Shining One.
  6569 | D:6      | Found a burning altar of Makhleb.
  6580 | D:6      | Reached skill level 3 in Polearms
  6690 | D:6      | Found a basalt altar of Yredelemnul.
  6696 | D:6      | Noticed an angel
  6789 | D:7      | Found a shimmering blue altar of Sif Muna.
  7103 | D:7      | Reached skill level 4 in Polearms
  7103 | D:7      | Reached XP level 9. HP: 46/49 MP: 13/15
  7686 | D:8      | Reached skill level 7 in Invocations
  7693 | D:8      | Found a hazy altar of Hepliaklqana.
  7722 | D:8      | Reached **** piety under Uskayaw
  7727 | D:8      | Reached skill level 5 in Polearms
  7902 | D:8      | Reached skill level 7 in Fighting
  7943 | D:8      | Reached ***** piety under Uskayaw
  7969 | D:8      | Reached skill level 6 in Polearms
  8310 | D:8      | Noticed a fire dragon
  8434 | D:9      | Noticed Harold
  8455 | D:9      | Killed Harold
  8455 | D:9      | Reached skill level 8 in Invocations
  8455 | D:9      | Reached skill level 1 in Evocations
  8455 | D:9      | Reached XP level 10. HP: 26/55 MP: 4/17
  8556 | D:9      | Reached skill level 2 in Evocations
  8571 | D:9      | Reached skill level 7 in Polearms
  8885 | D:9      | Noticed Erica
  8904 | D:9      | Killed Erica
  8904 | D:9      | Reached skill level 8 in Fighting
  8904 | D:9      | Reached skill level 3 in Evocations
  8912 | D:9      | Reached skill level 8 in Polearms
  9418 | D:10     | Entered Level 10 of the Dungeon
  9447 | D:10     | Reached XP level 11. HP: 60/60 MP: 18/18
  9456 | D:10     | Reached skill level 4 in Evocations
  9461 | D:10     | Reached skill level 9 in Invocations
  9591 | D:10     | Found an ancient bone altar of Kikubaaqudgha.
  9701 | D:10     | Noticed Sonja
  9702 | D:10     | Noticed Sonja
  9702 | D:10     | Sonja changed into Sonja the black bear
  9707 | D:10     | Killed Sonja the black bear
  9913 | D:10     | Reached skill level 9 in Polearms
 10731 | D:11     | Reached skill level 9 in Fighting
 10775 | D:11     | Identified the +5 chain mail "Ryajiep" {-Tele rF+ rC+}
 10814 | D:11     | Found a staircase to the Orcish Mines.
 11057 | D:11     | Noticed a cyclops
 11162 | D:11     | Killed a cyclops
 11162 | D:11     | Reached skill level 10 in Polearms
 11162 | D:11     | Reached skill level 1 in Shields
 11792 | D:4      | Killed Crazy Yiuf
 12031 | D:8      | Found a staircase to the Lair.
 12040 | Lair:1   | Entered Level 1 of the Lair of Beasts
 12944 | Lair:2   | Reached skill level 2 in Shields
 12944 | Lair:2   | Gained mutation: You heal very quickly. [Vine Stalker
                  | growth]
 12944 | Lair:2   | Reached XP level 12. HP: 65/66 MP: 20/20
 13052 | Lair:2   | Reached skill level 10 in Invocations
 13222 | Lair:2   | Reached ****** piety under Uskayaw
 13240 | Lair:2   | Identified the +4 short sword "Isse" {elec, rPois rN+} (You
                  | found it on level 2 of the Lair of Beasts)
 13341 | Lair:2   | Reached skill level 3 in Shields
 13406 | Lair:2   | Reached skill level 1 in Short Blades
 13562 | Lair:2   | Reached skill level 2 in Short Blades
 13584 | Lair:2   | Found a staircase to the Swamp.
 13669 | Lair:2   | Noticed an eight-headed hydra
 13680 | Lair:2   | Killed an eight-headed hydra
 14054 | Lair:2   | Reached skill level 3 in Short Blades
 14301 | Lair:3   | Reached skill level 10 in Fighting
 14343 | Lair:3   | Reached skill level 4 in Shields
 14348 | Lair:3   | Reached skill level 4 in Short Blades
 14491 | Lair:3   | Reached skill level 5 in Short Blades
 14536 | Lair:3   | Reached skill level 5 in Shields
 14593 | Lair:3   | Reached skill level 6 in Short Blades
 14803 | Lair:3   | Reached XP level 13. HP: 47/72 MP: 17/21
 14857 | Lair:3   | Found a hole to the Spider Nest.
 15241 | Lair:4   | Reached skill level 7 in Short Blades
 15251 | Lair:4   | Reached skill level 6 in Shields
 15458 | Lair:4   | Reached skill level 8 in Short Blades
 16131 | Lair:5   | Reached skill level 9 in Short Blades
 16139 | Lair:5   | Reached skill level 7 in Shields
 16617 | Lair:5   | Reached skill level 10 in Short Blades
 17332 | Lair:6   | Entered Level 6 of the Lair of Beasts
 17356 | Lair:6   | Reached XP level 14. HP: 77/77 MP: 22/22
 17397 | Lair:6   | Reached skill level 8 in Shields
 17717 | Lair:6   | Found a frozen archway.
 17726 | Lair:6   | Reached skill level 11 in Short Blades
 17733 | IceCv    | Entered an ice cave
 18248 | IceCv    | Got a fine bone ring
 18271 | IceCv    | Identified the ring "Geaneeh" {Fire rElec MP+9} (You found
                  | it in an ice cave)
 18405 | Lair:6   | Found a viscous altar of Jiyva.
 18431 | Lair:6   | Found a staircase to the Slime Pits.
 18627 | Lair:6   | Reached skill level 9 in Shields
 18713 | Lair:6   | Reached skill level 12 in Short Blades
 18919 | Lair:6   | Reached skill level 10 in Shields
 19511 | Orc:1    | Entered Level 1 of the Orcish Mines
 19643 | Orc:1    | Noticed Erolcha
 19655 | Orc:1    | Killed Erolcha
 19759 | Orc:1    | Noticed a stone giant
 19774 | Orc:1    | Killed a stone giant
 19792 | Orc:1    | Reached skill level 11 in Shields
 19816 | Orc:1    | Found a roughly hewn altar of Beogh.
 19825 | Orc:1    | Reached XP level 15. HP: 63/80 MP: 17/23
 20186 | Orc:2    | Entered Level 2 of the Orcish Mines
 20414 | Orc:2    | Reached skill level 4 in Stealth
 20418 | Orc:2    | Found Osoafoaq's Distillery.
 20418 | Orc:2    | Found Jemiux's General Store.
 20426 | Orc:2    | Reached skill level 1 in Dodging
 20458 | Orc:2    | Reached skill level 1 in Armour
 20464 | Orc:2    | Found Justiama's Magic Scroll Emporium.
 20482 | Orc:2    | Found Xushulon's General Store.
 20495 | Orc:2    | Bought a condenser vane (2/2) for 220 gold pieces
 20495 | Orc:2    | Bought a scroll of summoning for 104 gold pieces
 20496 | Orc:2    | Bought a potion of invisibility for 104 gold pieces
 20496 | Orc:2    | Bought a potion of might for 52 gold pieces
 20497 | Orc:2    | Bought a wand of digging (4) for 224 gold pieces
 20497 | Orc:2    | Bought a wand of acid (8) for 336 gold pieces
 20497 | Orc:2    | Bought a box of beasts (3/3) for 280 gold pieces
 20684 | Orc:2    | Found a staircase to the Elven Halls.
 20707 | Orc:2    | Found a roughly hewn altar of Beogh.
 20709 | Orc:2    | Noticed an orc warlord
 20728 | Orc:2    | Killed an orc warlord
 21261 | D:12     | Reached skill level 5 in Stealth
 21663 | D:13     | Reached skill level 2 in Dodging
 21718 | D:13     | Reached skill level 2 in Armour
 21945 | D:13     | Reached skill level 5 in Evocations
 21955 | D:13     | Found a gate to the Vaults.
 22321 | D:13     | Noticed Jorgrun
 22335 | D:13     | Killed Jorgrun
 22335 | D:13     | Reached skill level 6 in Stealth
 22589 | D:13     | Reached skill level 3 in Dodging
 22632 | D:13     | Reached skill level 3 in Armour
 22895 | D:14     | Found a blossoming altar of Fedhas.
 23045 | D:14     | Reached XP level 16. HP: 52/86 MP: 8/25
 23351 | D:14     | Reached skill level 7 in Stealth
 23402 | D:14     | Noticed Nessos
 23404 | D:14     | Noticed Nessos
 23404 | D:14     | Nessos changed into Nessos the manticore
 23408 | D:14     | Killed Nessos the manticore
 23539 | D:15     | Entered Level 15 of the Dungeon
 24132 | D:15     | Reached skill level 6 in Evocations
 24238 | D:15     | Reached skill level 11 in Invocations
 24443 | D:15     | Found a staircase to the Depths.
 24498 | D:15     | Reached skill level 4 in Armour
 24750 | Swamp:1  | Entered Level 1 of the Swamp
 24815 | Swamp:1  | Reached skill level 12 in Shields
 24839 | Swamp:1  | Reached skill level 4 in Dodging
 24953 | Swamp:1  | Noticed Nikola
 24976 | Swamp:1  | Killed Nikola
 25079 | Swamp:1  | Reached skill level 8 in Stealth
 25127 | Swamp:1  | Reached skill level 11 in Fighting
 25316 | Swamp:1  | You fall into a shaft and drop 1 floor!
 25580 | Swamp:2  | Noticed Kirke
 25596 | Swamp:2  | Killed Kirke
 26030 | Swamp:2  | Noticed Frances
 26043 | Swamp:2  | Killed Frances
 26589 | Swamp:3  | Reached XP level 17. HP: 91/91 MP: 26/26
 26594 | Swamp:3  | Identified the +4 kite shield of Ohateth {rN+}
 26594 | Swamp:3  | Noticed Donald
 26604 | Swamp:3  | Reached skill level 5 in Dodging
 26616 | Swamp:3  | Killed Donald
 26616 | Swamp:3  | Reached skill level 9 in Stealth
 26616 | Swamp:3  | Reached skill level 7 in Evocations
 26738 | Swamp:3  | Reached skill level 5 in Armour
 26900 | Swamp:3  | Noticed Louise
 26923 | Swamp:3  | Killed Louise
 27097 | Swamp:3  | Noticed Roxanne
 27142 | Swamp:4  | Entered Level 4 of the Swamp
 27773 | Swamp:4  | Got a decaying rune of Zot
 27936 | Swamp:4  | Reached skill level 10 in Stealth
 28095 | Swamp:4  | Reached skill level 12 in Invocations
 28399 | Spider:1 | Entered Level 1 of the Spider Nest
 28731 | Spider:1 | Reached skill level 6 in Dodging
 28835 | Spider:1 | Reached skill level 6 in Armour
 28848 | Spider:1 | Found a runed translucent door.
 28914 | Spider:1 | Found a runed translucent door.
 28915 | Spider:1 | Noticed Aduaf's ghost (adept KoFE)
 29307 | Spider:1 | Reached skill level 8 in Evocations
 29538 | Spider:2 | Reached XP level 18. HP: 98/98 MP: 28/28
 30062 | Spider:2 | Reached skill level 12 in Fighting
 31146 | Spider:3 | Reached skill level 13 in Shields
 31151 | Spider:3 | Reached skill level 11 in Stealth
 31965 | Spider:4 | Entered Level 4 of the Spider Nest
 32215 | Spider:4 | Noticed Asterion
 32235 | Spider:4 | Killed Asterion
 32235 | Spider:4 | Reached skill level 7 in Dodging
 32246 | Spider:4 | Reached skill level 7 in Armour
 32494 | Spider:4 | Reached skill level 9 in Evocations
 32700 | Spider:4 | Got a gossamer rune of Zot
 33389 | Elf:1    | Entered Level 1 of the Elven Halls
 33409 | Elf:1    | Reached XP level 19. HP: 102/102 MP: 29/29
 33813 | Elf:1    | Found Jufrui's Distillery.
 33830 | Elf:1    | Bought a potion of haste for 140 gold pieces
 33830 | Elf:1    | Bought a potion of haste for 140 gold pieces
 33830 | Elf:1    | Bought 2 potions of stabbing for 112 gold pieces
 33830 | Elf:1    | Bought a potion of stabbing for 56 gold pieces
 33874 | Elf:1    | Reached skill level 13 in Invocations
 33957 | Elf:1    | Reached skill level 12 in Stealth
 34161 | Elf:1    | You fall into a shaft and drop 1 floor!
 34882 | Elf:2    | Found a runed translucent gate.
 34882 | Elf:2    | Found a runed translucent gate.
 34883 | Elf:2    | Found a runed translucent gate.
 35348 | Elf:2    | Reached skill level 8 in Dodging
 35549 | Elf:2    | Reached skill level 8 in Armour
 35692 | Elf:3    | Entered Level 3 of the Elven Halls
 35847 | Elf:3    | Reached skill level 13 in Fighting
 36206 | Elf:3    | Reached XP level 20. HP: 109/109 MP: 31/31
 36211 | Elf:3    | Reached skill level 10 in Evocations
 36280 | Elf:3    | Reached skill level 13 in Stealth
 37576 | Elf:3    | Identified the cursed +2 long sword "Beetlebane" {vorpal,
                  | Dex+4}
 37576 | Elf:3    | Identified the +0 leather armour of Lugonu's Respect {rC+}
 37679 | Elf:3    | Identified the +7 glaive "Gifeh" {spect, rC+ MR- Str+7}
 37681 | Elf:3    | Identified the +7 glaive "Gifeh" {spect, rC+ MR- Str+7}
 37698 | Elf:3    | Reached skill level 14 in Shields
 37798 | Elf:3    | Identified the +12 dagger "Senuyjono" {elec, rF++ Dex-2}
 37850 | Elf:3    | Identified the amulet of Beenuulu {RegenMP Str+2 Int+4
                  | Dex+6 Stlth+}
 37902 | Elf:3    | Found the +8 storm bow {elec, penet}
 37969 | Elf:3    | Identified the +7 chain mail of the Frog {rPois Regen+
                  | Dex+4} (You found it on level 3 of the Elven Halls)
 37972 | Elf:3    | Identified Kuuxtek's Handbook of Bewitchment and the
                  | Entourage
 37986 | Elf:3    | Identified the +3 rapier of Cobwebs {drain, MR+++} (You
                  | found it on level 3 of the Elven Halls)
 38013 | Elf:3    | Identified the +9 war axe of the Candle {freeze, Str+2}
                  | (You found it on level 3 of the Elven Halls)
 38458 | Vaults:1 | Entered Level 1 of the Vaults
 38726 | Vaults:1 | Reached skill level 9 in Dodging
 38743 | Vaults:1 | Reached skill level 14 in Invocations
 38750 | Vaults:1 | Paralysed by a hornet for 3 turns
 38931 | Vaults:1 | Reached skill level 9 in Armour
 39263 | Vaults:1 | Reached XP level 21. HP: 55/114 MP: 15/32
 39266 | Vaults:1 | Reached skill level 14 in Stealth
 39975 | Orc:2    | Bought a scroll of blinking for 120 gold pieces
 39975 | Orc:2    | Bought a scroll of enchant weapon for 120 gold pieces
 39975 | Orc:2    | Bought a scroll of teleportation for 48 gold pieces
 39976 | Orc:2    | Bought a scroll of teleportation for 42 gold pieces
 39979 | Orc:2    | Bought a potion of magic for 104 gold pieces
 39979 | Orc:2    | Bought a potion of mutation for 104 gold pieces
 39979 | Orc:2    | Bought a potion of cancellation for 104 gold pieces
 40293 | D:4      | Bought a potion of resistance for 100 gold pieces
 40293 | D:4      | Bought a potion of mutation for 80 gold pieces
 40293 | D:4      | Bought a potion of cancellation for 80 gold pieces
 40293 | D:4      | Bought a potion of curing for 30 gold pieces
 40741 | Vaults:2 | Found a staircase to the Crypt.
 41329 | Vaults:2 | Reached skill level 11 in Evocations
 41810 | Vaults:3 | Found a flickering gateway to a bazaar.
 41819 | Bazaar   | Entered a bazaar
 41852 | Bazaar   | Found Fanosom's Gadget Boutique.
 41852 | Bazaar   | Found Xoniwn's Assorted Antiques.
 41879 | Bazaar   | Found Wucaled's Magic Scroll Shop.
 41879 | Bazaar   | Found Doafreiqe's Antique Weapon Boutique.
 41898 | Bazaar   | Bought a scroll of fog for 16 gold pieces
 41898 | Bazaar   | Bought a scroll of teleportation for 24 gold pieces
 41916 | Bazaar   | Bought a potion of haste for 290 gold pieces
 41922 | Bazaar   | Bought a wand of paralysis (8) for 180 gold pieces
 41922 | Bazaar   | Bought a wand of paralysis (7) for 162 gold pieces
 42853 | Vaults:3 | Reached skill level 14 in Fighting
 43255 | Vaults:4 | Reached skill level 10 in Dodging
 43390 | Vaults:4 | Reached XP level 22. HP: 120/120 MP: 34/34
 43429 | Vaults:4 | Reached skill level 10 in Armour
 43429 | Vaults:4 | Reached skill level 15 in Stealth
 43742 | Vaults:4 | Reached skill level 15 in Shields
 43901 | Vaults:4 | Found Siydghona's General Store.
 43918 | Vaults:4 | Bought a potion of curing for 54 gold pieces
 43918 | Vaults:4 | Bought a scroll of blinking for 135 gold pieces
 43993 | Vaults:4 | Reached skill level 15 in Invocations
 44725 | Depths:1 | Entered Level 1 of the Depths
 45007 | Depths:1 | Identified the +7 dagger of Goz Ferghego {vamp, rPois Str+3
                  | Dex+3}
 45085 | Depths:1 | Reached skill level 12 in Evocations
 45176 | Depths:1 | Found a one-way gate to the infinite horrors of the Abyss.
 45679 | Depths:1 | Found a glowing golden altar of the Shining One.
 45766 | Depths:1 | Found a gateway to Hell.
 46208 | Depths:2 | Reached skill level 11 in Dodging
 46284 | Depths:2 | Reached XP level 23. HP: 126/126 MP: 35/35
 46290 | Depths:2 | Noticed a juggernaut
 46293 | Depths:2 | Noticed a juggernaut
 46297 | Depths:2 | Reached skill level 11 in Armour
 46309 | Depths:2 | Killed a juggernaut
 46314 | Depths:2 | Reached skill level 15 in Fighting
 46322 | Depths:2 | Killed a juggernaut
 46458 | Depths:2 | Found Ducor's Antique Weapon Emporium.
 46702 | Depths:2 | Reached skill level 16 in Invocations
 48162 | Depths:3 | Paralysed by a vampire knight for 6 turns
 48608 | Depths:3 | Found a one-way gate leading to the halls of Pandemonium.
 48720 | Depths:5 | Entered Level 5 of the Depths
 48758 | Depths:5 | Noticed a caustic shrike
 48760 | Depths:5 | Noticed a caustic shrike
 48764 | Depths:5 | Noticed a caustic shrike
 48767 | Depths:5 | Noticed a caustic shrike
 48769 | Depths:5 | Killed a caustic shrike
 48769 | Depths:5 | Killed a caustic shrike
 48769 | Depths:5 | Reached skill level 12 in Dodging
 48771 | Depths:5 | Noticed a caustic shrike
 48774 | Depths:5 | Killed a caustic shrike
 48774 | Depths:5 | Noticed a caustic shrike
 48775 | Depths:5 | Killed a caustic shrike
 48775 | Depths:5 | Reached skill level 12 in Armour
 48778 | Depths:5 | Killed a caustic shrike
 48778 | Depths:5 | Reached XP level 24. HP: 79/133 MP: 25/36
 48784 | Depths:5 | Killed a caustic shrike
 49155 | Depths:5 | Reached skill level 16 in Fighting
 49291 | Depths:5 | Found a gate to the Realm of Zot.
 49519 | Depths:5 | Found a gateway to a ziggurat.
 50332 | Vaults:5 | Entered Level 5 of the Vaults
 50345 | Vaults:5 | Reached skill level 17 in Invocations
 50513 | Vaults:5 | Noticed an ancient lich
 50525 | Vaults:5 | Reached skill level 13 in Dodging
 50724 | Vaults:5 | Reached skill level 13 in Armour
 50733 | Vaults:5 | Killed an ancient lich
 50735 | Vaults:5 | Noticed an ancient lich
 50740 | Vaults:5 | Reached XP level 25. HP: 98/139 MP: 32/36
 50752 | Vaults:5 | Killed an ancient lich
 50923 | Vaults:5 | Identified the +10 glaive of Inquiry {elec, rPois Int+2}
 51108 | Vaults:5 | Reached skill level 17 in Fighting
 51172 | Vaults:5 | Reached skill level 18 in Invocations
 51389 | Vaults:5 | Got a warped wooden ring
 51390 | Vaults:5 | Identified the ring of Xeipn {Ice rN+ MR+} (You found it on
                  | level 5 of the Vaults)
 51564 | Vaults:5 | Identified the Reference Book on Unstable Calling
 51601 | Vaults:5 | Identified Rusodgh's Incunabulum of Malediction
 51609 | Vaults:5 | Identified the +4 plate armour of the Barnacle {Regen+}
                  | (You found it on level 5 of the Vaults)
 51657 | Vaults:5 | Got an ancient golden ring
 51658 | Vaults:5 | Identified the ring of Jitosudgh {rC- MR+ Slay+2 SInv} (You
                  | found it on level 5 of the Vaults)
 52066 | Vaults:5 | Got a silver rune of Zot
 52591 | Zot:1    | Entered Level 1 of the Realm of Zot
 52598 | Zot:1    | Identified a scroll of acquirement
 52599 | Zot:1    | Acquired 711 gold pieces
 52627 | Zot:1    | Reached skill level 14 in Dodging
 52789 | Zot:1    | Reached skill level 14 in Armour
 53187 | Zot:1    | Reached XP level 26. HP: 146/146 MP: 37/37
 53570 | Zot:5    | Entered Level 5 of the Realm of Zot
 53822 | Zot:5    | Noticed an orb of fire
 53839 | Zot:5    | Killed an orb of fire
 53861 | Zot:5    | Noticed an ancient lich
 53873 | Zot:5    | Noticed a Killer Klown
 53876 | Zot:5    | Noticed an ancient lich
 53877 | Zot:5    | Noticed an orb of fire
 53883 | Zot:5    | Noticed a Killer Klown
 53888 | Zot:5    | Reached skill level 18 in Fighting
 53888 | Zot:5    | Reached skill level 19 in Invocations
 53888 | Zot:5    | Killed an ancient lich
 53890 | Zot:5    | Gained mutation: You are frail. (-10% HP) [an orb of fire]
 53898 | Zot:5    | Gained mutation: You are very frail. (-20% HP) [an orb of
                  | fire]
 53903 | Zot:5    | Gained mutation: Scrolls take you a little longer to read.
                  | [an orb of fire]
 53905 | Zot:5    | Killed an ancient lich
 53915 | Zot:5    | Killed an orb of fire
 53917 | Zot:5    | Killed a Killer Klown
 53920 | Zot:5    | Killed a Killer Klown
 53953 | Zot:5    | Reached skill level 15 in Dodging
 53982 | Zot:5    | Noticed a Killer Klown
 53998 | Zot:5    | Killed a Killer Klown
 53998 | Zot:5    | Reached skill level 15 in Armour
 54249 | Zot:5    | Reached XP level 27. HP: 102/122 MP: 37/37
 54895 | Zot:5    | Noticed an ancient lich
 54895 | Zot:5    | Noticed an orb of fire
 54902 | Zot:5    | Noticed an orb of fire
 54903 | Zot:5    | Noticed an orb of fire
 54916 | Zot:5    | Killed an orb of fire
 54916 | Zot:5    | Killed an orb of fire
 54916 | Zot:5    | Killed an ancient lich
 54918 | Zot:5    | Killed an orb of fire
 54958 | Zot:5    | Reached skill level 20 in Invocations
 55157 | Zot:5    | Got the Orb of Zot
 55395 | Depths:5 | Noticed Xucaxup the pandemonium lord
 55515 | Depths:2 | Noticed Owyxzeos the pandemonium lord
 55516 | Depths:2 | Gained mutation: You are occasionally teleported next to
                  | monsters. [a neqoxec]
 55709 | D:10     | Reached skill level 19 in Fighting
 55726 | D:8      | Noticed a seraph
 56036 | D:$      | Escaped with the Orb!

Illustrated notes

Levels and vault maps discovered:
D:1:      dpeg_arrival_round_b, layout_loops_ring
D:2:      layout_rooms, grunt_gozag_statues, eat_drink_and_be_merry_uskayaw,
          grunt_ministairs_14, uniq_sigmund
D:3:      minmay_thinvault, layout_basic, serial_glass, glass_columns_a,
          glass_columns_c, minivault_26, chequers_serial_rivers_micro_a,
          uniq_grinder
D:4:      layout_cave_pools, minmay_temple_entry_junction, serial_shops, shop,
          grunt_ministairs_3, minivault_25, nicolae_ru_path_of_blood,
          uniq_edmund, uniq_crazy_yiuf_cottage
D:5:      layout_basic, basic_altar
D:6:      layout_cave_pools, grunt_temple_overflow_holy_war, hex_tiny,
          makhleb_heckhound_becter
D:7:      layout_basic, led_sif_pool
D:8:      layout_basic, overflow_temple_1_default, minmay_lair_entry_lava
D:9:      old_forge, layout_loops_ring, uniq_harold, uniq_erica
D:10:     layout_loops_corners, special_room [special_room_bee], basic_altar,
          uniq_sonja
D:11:     layout_cave_pools, david_orc_3
D:12:     layout_roguey
D:13:     layout_basic, grunt_vaults_entry_fortified, uniq_jorgrun
D:14:     layout_loops_ring, serial_glass, glass_columns_c, glass_columns_c,
          fedhas_altar_3, uniq_nessos
D:15:     grunt_enter_depths_snipers, layout_basic, grunt_decor_cap,
          hangedman_parallel_progression
Lair:1:   layout_cave_pods
Lair:2:   layout_loops_ring, nicolae_swamp_entry_splash_gauntlet,
          serial_bayou_shore_b, serial_bayou_shore_a, grunt_megastairs_4,
          serial_bayou_shore_b
Lair:3:   layout_roguey, nicolae_spider_entry_orb_guardian, grunt_megastairs_2
Lair:4:   layout_concentric_octagons, minmay_holes, beast_lair_carwin_1,
          infiniplex_staircase_pool_2, grunt_megastairs_5
Lair:5:   layout_layer_cave, kennysheep_abandoned_house, lemuel_fruit_fields,
          minmay_lair_oklob_chamber
Lair:6:   evilmike_catoblepas_cave, layout_big_grid, slime_altar_1,
          portal_ice_cave_demonic_guard, st_stairs_4, lemuel_fruit_tree
Swamp:1:  layout_basic_swamp, evilmike_swamp_ruin_house_3, swamp_pool5,
          uniq_nikola
Swamp:2:  layout_falls_marsh, evilmike_swamp_ruin_house_5, uniq_kirke,
          uniq_frances
Swamp:3:  layout_basic_swamp, evilmike_swamp_ruin_rubble_1, uniq_donald,
          uniq_roxanne, uniq_louise
Swamp:4:  swamp, layout_basic_swamp, swamp_pool5
Spider:1: cheibrodos_spider_deadly_dance, gammafunk_ghost_grave
Spider:2: layout_chambers, nicolae_spider_ant_collections
Spider:3: layout_spider_delve, worms_lemuel
Spider:4: grunt_spider_rune_parallel, uniq_asterion
Orc:1:    nicolae_orc_accident_2, layout_diamond_mine, uniq_erolcha
Orc:2:    st_orc_mages, layout_caves, basic_altar
Elf:1:    eino_elf_arrival_the_gate, layout_geoelf_grid, serial_shops,
          shop_statue, hangedman_elf_represent
Elf:2:    layout_geoelf_octagon
Elf:3:    minmay_elf_hall_statues, layout_loops_ring
Vaults:1: vaults_room_pools, nicolae_vaults_puzzle_piece,
          vaults_room_semicircle, nicolae_vaults_circle_grid_b,
          nicolae_vaults_sealed_display, nicolae_vaults_network_quinsquares
          [nicolae_vaults_network_quincunx_subvault,
          nicolae_vaults_network_quincunx_subvault,
          nicolae_vaults_network_quincunx_subvault,
          nicolae_vaults_network_quincunx_subvault], st_lattice, v_misc_8,
          nicolae_vaults_triangles, vaults_mumra_hexcomb,
          vaults_room_large_hall, vaults_standard_mumra_x,
          nicolae_vaults_ring_of_whatevers, vaults_room_grid, vaults_dpeg_doors,
          layout_vaults_omnibox
Vaults:2: vaults_dpeg_encased_lava, ontoclasm_vaults_ring_large, v_misc_12,
          blue_anna_dwarven_crypt, v_misc_2, vaults_standard_mumra_lines,
          hangedman_vaults_nails, hangedman_vaults_stretched_pinwheel,
          v_pattern_2, vaults_room_fours, layout_vaults_big_room
Vaults:3: nicolae_vaults_quartermaster, nicolae_vaults_angled_halls, v_misc_4,
          vaults_room_corners, v_misc_1, v_rooms_4, v_misc_24,
          layout_vaults_omnigrid, serial_shops, bzr_in_the_mist
Vaults:4: nicolae_vaults_back_hallway, hangedman_vaults_stream,
          hangedman_vaults_nodes, nicolae_vaults_windows_and_doors_thing,
          v_misc_22, vaults_dpeg_cross, v_misc_10, v_misc_26,
          vaults_room_door_ring, hangedman_vaults_slice, ontoclasm_vaults_twist,
          layout_vaults_omnicross, serial_shops, shop
Vaults:5
Depths:1: layout_basic, hell_entry, abyss_entry, bh_walls_and_bars,
          kennysheep_path_1, nrook_mini_backslash, grunt_ministairs_12,
          tso_metal_star
Depths:2: minmay_the_grid_four_pointed_star
          [minmay_the_grid_triangle_9x9_limited_checkers,
          minmay_the_grid_triangle_9x9_pentomino_pain,
          minmay_the_grid_triangle_9x9_dagger,
          minmay_the_grid_triangle_9x9_windchime,
          minmay_the_grid_prize_big_room], layout_gridlike,
          columned_hall_lemuel, serial_shops, shop_fountains, hell_entry
Depths:3: grunt_bruiser_brothers, layout_basic, grunt_pan_entry_in_and_out,
          roderic_serpentine_path, hell_entry, infiniplex_staircase_zigzag_2
Depths:4: radiant_caverns_b_rkd, hell_entry, abyss_entry
Depths:5: grunt_zot_entry_hairpin, layout_cave_shapes, enter_ziggurat_c,
          serial_column_ruins, column_ruins_portal_squares, column_ruins_hut,
          column_ruins_courtyard_long, column_ruins_columns_straight,
          column_ruins_columns_dead_end, column_ruins_corridor_straight,
          serial_bayou_pond_a, lightli_too_deep, minmay_misc_feat_pillars
Zot:1:    lemuel_draconian_sentries, layout_concentric_octagons
Zot:2:    layout_gridlike, st_single_dragon_hoard_2
Zot:3:    layout_cellular_growth
Zot:4:    layout_cathedral_of_symmetry, st_stairs_1
Zot:5:    layout_misc_corridors, st_stairs_6

Skill      XL: |  1  2  3  4  5  6  7  8  9 10 11 12 13 14 15 16 17 18 19 20 21 22 23 24 25 26 27 |
---------------+----------------------------------------------------------------------------------+-----
Fighting       | 2 3 4 5 6 7 8 9 10 11 12 13 14 15 16 17 18 19 | 19.0
Conjurations   | 1 2 |  2.0
Invocations    | 2 3 5 6 8 9 10 11 12 13 14 15 16 17 18 19 20 | 20.0
Polearms       | 4 6 8 10 | 10.6
Evocations     | 1 3 4 5 6 8 9 10 11 12 | 12.0
Shields        | 2 5 7 11 12 13 14 15 | 15.0
Short Blades   | 6 10 12 | 12.0
Stealth        | 6 8 10 11 12 13 14 15 | 15.4
Dodging        | 3 4 6 7 8 9 10 11 12 13 14 15 | 15.8
Armour         | 3 4 6 7 8 9 10 12 13 14 15 | 15.8
Spellcasting   | |  1.2
Fire Magic     | |  4.0

Action                   |  1- 3 |  4- 6 |  7- 9 | 10-12 | 13-15 | 16-18 | 19-21 | 22-24 | 25-27 || total
-------------------------+-------+-------+-------+-------+-------+-------+-------+-------+-------++-------
Melee: Spear             |    37 |   221 |   566 |   662 |       |       |       |       |       ||  1486
       Bite              |     5 |    61 |   212 |   303 |   540 |   844 |   693 |   917 |   588 ||  4163
       Unarmed           |       |       |    11 |       |       |       |       |       |       ||    11
       Short sword       |       |       |       |   223 |  1295 |  1903 |   661 |       |       ||  4082
       Dagger            |       |       |       |       |       |       |   817 |  1434 |       ||  2251
       Quick blade       |       |       |       |       |       |       |       |    70 |  1060 ||  1130
Throw: Dart              |       |    11 |    10 |     4 |       |       |     5 |       |       ||    30
       Stone             |       |     1 |       |       |       |       |       |       |       ||     1
       Boomerang         |       |       |       |     4 |    10 |     3 |       |       |       ||    17
 Cast: Foxfire           |    43 |    73 |       |       |       |       |       |       |       ||   116
Invok: Stomp             |       |     2 |     6 |     7 |    59 |    42 |    32 |    30 |    16 ||   194
       Grand Finale      |       |       |       |       |       |     1 |       |     3 |     5 ||     9
Evoke: Wand              |       |       |       |     8 |     4 |     6 |     4 |     2 |    37 ||    61
       Box of beasts     |       |       |       |       |       |     3 |     3 |       |     3 ||     9
       Condenser vane    |       |       |       |       |       |     4 |     5 |    11 |     7 ||    27
       Phantom mirror    |       |       |       |       |       |       |     1 |       |       ||     1
       Tin of tremorston |       |       |       |       |       |       |       |     8 |     5 ||    13
  Use: Scroll            |       |    13 |    10 |     8 |     4 |    12 |    13 |    13 |    16 ||    89
       Potion            |       |       |       |     4 |       |     6 |       |     1 |    10 ||    21
 Stab: Sleeping          |     6 |     8 |     9 |       |       |       |     5 |     5 |       ||    33
       Paralysed         |       |       |    13 |    44 |    87 |    97 |   109 |   117 |    67 ||   534
       Distracted        |       |       |     1 |     1 |       |       |     1 |     2 |       ||     5
       Invisible         |       |       |       |     1 |       |       |       |       |       ||     1
       Confused          |       |       |       |       |       |     1 |       |     1 |       ||     2
       Held in net/web   |       |       |       |       |       |     2 |       |       |       ||     2
Armor: Robe              |    11 |    27 |       |       |       |       |       |       |       ||    38
       Ring mail         |       |    36 |   109 |       |       |       |       |       |       ||   145
       Plate armour      |       |       |    10 |   124 |    75 |   652 |   274 |   420 |    34 ||  1589
       Skin              |       |       |       |    55 |       |       |       |       |       ||    55
       Chain mail        |       |       |       |   189 |   301 |       |       |       |       ||   490
       Gold dragon scale |       |       |       |       |       |       |       |       |   264 ||   264
Dodge: Dodged            |    17 |   150 |   255 |   141 |   244 |   386 |   171 |   405 |   163 ||  1932
Block: Kite shield       |       |       |   103 |   278 |   643 |  1433 |   724 |   952 |   403 ||  4536
       Reflection        |       |       |       |       |    23 |    10 |    38 |       |       ||    71

Table legend: (Time is in decaauts)
 A = Elapsed time spent in this place.
 B = Non-inter-level travel time spent in this place.
 C = Inter-level travel time spent in this place.
 D = Time resting spent in this place.
 E = Time spent auto-exploring this place.
 F = Levels seen in this place.
 G = Mean time per level.
                   A        B        C        D        E       F      G
               +--------+--------+--------+--------+--------+-----+--------+
         Total |  52628 |  46831 |   5797 |   3336 |  31686 |  51 | 1031.9 |
       Dungeon |  17010 |  14379 |   2631 |    393 |  10222 |  15 | 1134.0 |
          Lair |   6759 |   6240 |    519 |     50 |   4905 |   6 | 1126.5 |
         Swamp |   3489 |   3285 |    204 |     42 |   2547 |   4 |  872.2 |
   Spider Nest |   4339 |   4144 |    195 |      0 |   3144 |   4 | 1084.8 |
  Orcish Mines |   1755 |   1347 |    408 |      0 |    984 |   2 |  877.5 |
   Elven Halls |   4579 |   4345 |    234 |   1188 |   2182 |   3 | 1526.3 |
        Vaults |   6607 |   5991 |    616 |    510 |   4065 |   5 | 1321.4 |
        Depths |   5208 |   4512 |    696 |    190 |   3058 |   5 | 1041.6 |
           Zot |   2152 |   1861 |    291 |    831 |    261 |   5 |  430.4 |
        Bazaar |    116 |    116 |      0 |      0 |     70 |   1 |  116.0 |
      Ice Cave |    607 |    607 |      0 |    131 |    245 |   1 |  607.0 |
               +--------+--------+--------+--------+--------+-----+--------+

Top non-repeatable levels by time:
   Elf:3: 2386 daAuts
Vaults:4: 1919 daAuts
     D:5: 1769 daAuts
     D:3: 1562 daAuts
Vaults:1: 1496 daAuts
Spider:2: 1476 daAuts
     D:4: 1463 daAuts
  Lair:2: 1432 daAuts
   Zot:5: 1356 daAuts
    D:10: 1349 daAuts
Depths:3: 1338 daAuts
Depths:2: 1298 daAuts
Depths:5: 1291 daAuts
     D:1: 1268 daAuts
    D:13: 1256 daAuts
